 Dungeon Crawl Stone Soup version 0.30.1-1-g62c8e00024 (webtiles) character file.

Game seed: 9726223417488351382

1829 cheesebisquit the Cleaver (level 9, 0/79 HPs)
             Began as a Hill Orc Fighter on July 15, 2023.
             Was a Believer of Beogh.
             Succumbed to a gnoll's poison
             ... on level 7 of the Dungeon.
             The game lasted 00:17:13 (5656 turns).

cheesebisquit the Cleaver (Hill Orc Fighter)        Turns: 5656, Time: 00:17:13

Health: 0/79       AC: 11    Str: 30    XL:     9   Next: 11%
Magic:  18/18      EV: 10    Int: 11    God:    Beogh [**....]
Gold:   139        SH:  5    Dex: 14    Spells: 8/8 levels left

rFire   + + .        a - +1 war axe
rCold   . . .        c - +0 buckler
rNeg    + . .        H - +0 scale mail "Zetoton" {rF+ rN+ Str+2 Int+4}
rPois   .            (no helmet)
rElec   .            A - +0 cloak
rCorr   .            B - +0 pair of gloves of Indomitability {rF+}
SInv    .            h - +0 pair of boots
Will    .....        e - amulet of faith Stlth
                     b - ring of magical power
HPRegen 0.33/turn    I - +6 ring of strength
MPRegen 0.16/turn

%: faith
@: lethally poisoned (0 -> -2)
A: agile 1, wild magic 1
a: Renounce Religion, Smiting


You were on level 7 of the Dungeon.
You worshipped Beogh.
Beogh was pleased with you.
You visited 2 branches of the dungeon, and saw 8 of its levels.

You collected 415 gold pieces.
You spent 276 gold pieces at shops.

Inventory:

Hand Weapons
 a - a +1 war axe (weapon)
 d - the +1 hand axe "Vetruqy" {freeze, SInv}
   (You found it on level 5 of the Dungeon)

   SInv:      It lets you see invisible.
 y - a +0 morningstar
Missiles
 t - 6 poisoned darts (quivered)
 E - 3 boomerangs
 F - a curare-tipped dart
Armour
 c - a +0 buckler (worn)
 h - a +0 pair of boots (worn)
 r - a +0 helmet
 z - a +3 scale mail
 A - a +0 cloak (worn)
 B - the +0 pair of gloves of Indomitability (worn) {rF+}
   (You bought it in a shop on level 6 of the Dungeon)

   rF:        It protects you from fire.
 H - the +0 scale mail "Zetoton" (worn) {rF+ rN+ Str+2 Int+4}
   (You found it on level 6 of the Dungeon)

   Str:       It affects your strength (+2).
   Int:       It affects your intelligence (+4).
   rF:        It protects you from fire.
   rN:        It protects you from negative energy.
Jewellery
 b - a ring of magical power (left hand)
 e - an amulet of faith (around neck)
 I - a +6 ring of strength (right hand)
Wands
 v - a wand of charming (13)
 J - a wand of polymorph (1)
 K - a wand of flame (9)
Scrolls
 j - 2 scrolls of vulnerability
 l - a scroll of immolation
 n - a scroll of amnesia {unknown}
 p - a scroll of enchant weapon
 u - a scroll of enchant armour {unknown}
 x - a scroll of blinking {unknown}
 C - a scroll of poison {unknown}
 G - a scroll of silence {unknown}
Potions
 g - 3 potions of degeneration
 i - a potion of flight
 m - a potion of magic
 o - 5 potions of attraction
 q - 2 potions of lignification
 s - 2 potions of brilliance


   Skills:
 + Level 7.1 Fighting
 * Level 9.9 Axes
 + Level 6.5 Armour
 + Level 6.4 Shields


You had 8 spell levels left.
You didn't know any spells.
Your spell library contained the following spells:

 Spells                   Type           Power      Damage    Failure   Level
 Kiss of Death            Conj/Necr      0%         2d5       69%         1
 Necrotise                Necr           0%         1d4       69%         1
 Confusing Touch          Hex            0%         N/A       96%         3
 Vampiric Draining        Necr           0%         2d6       96%         3
 Dispel Undead            Necr           0%         3d6       100%        4
 Agony                    Necr           0%         N/A       100%        5


Dungeon Overview and Level Annotations

Branches:
Dungeon (7/15)             Temple (1/1) D:5

Altars:
Ashenzari
Cheibriados
Dithmenos
Elyvilon
Fedhas
Gozag
Hepliaklqana
Kikubaaqudgha
Makhleb
Nemelex Xobeh
Okawaru
Qazlal
Ru
Sif Muna
Trog
Uskayaw
Vehumet
Wu Jian
Xom
Yredelemnul
Zin
The Shining One

Shops:
D:4 *(:   D:6 [

Annotations:
D:4 1 runed translucent door, Crazy Yiuf
D:5 4 runed translucent doors
D:6 1 runed translucent door, booth's ghost, novice DrEE


Innate Abilities, Weirdness & Mutations

You are agile. (Dex +4, Str/Int -1)
Your spells are a little harder to cast, but a little more powerful.


Message History

Iridescent scales grow over part of your body.
A pair of antennae grows on your head!
Your +0 helmet falls away!
* * * LOW HITPOINT WARNING * * *
You feel very sick.
Really quaff the potion of mutation?
You feel extremely strange.
Your iridescent scales disappear.
The antennae on your head shrink away.
You feel less in control of your magic.
You feel agile.
* * * LOW HITPOINT WARNING * * *
You feel very sick.
The gnoll is no longer moving quickly.
Okay, then.
Really quaff the potion of lignification?
You turn into a tree.
Your +0 cloak melds into your body.
The +0 pair of gloves of Indomitability {rF+} melds into your body.
Your +0 pair of boots melds into your body.
The +0 scale mail "Zetoton" {rF+ rN+ Str+2 Int+4} melds into your body.
Your roots penetrate the ground.
* * * LOW HITPOINT WARNING * * *
You feel sick.
Your magical effects are unravelling.
You feel magically purged.
You feel less wooden.
Your +0 cloak unmelds from your body.
The +0 pair of gloves of Indomitability {rF+} unmelds from your body.
Your +0 pair of boots unmelds from your body.
The +0 scale mail "Zetoton" {rF+ rN+ Str+2 Int+4} unmelds from your body.
* * * LOW HITPOINT WARNING * * *
You feel sick.
As you read the scroll of teleportation, it crumbles to dust.
You feel strangely unstable.
* * * LOW HITPOINT WARNING * * *
You feel sick. The gnoll attacks as you move away!
The gnoll hits you but does no damage.
* * * LOW HITPOINT WARNING * * *
You feel sick.
Your surroundings suddenly seem different.
A steam dragon comes into view.
You die...

#......# #......###
######...#####..
#######..........#
...........###...#
.....).........# #
..............#######
..........##........#
..........##....@...#
..........##........#
...†......##........#
..........##........#
..........##........#
..........##........#
...........#....D....
.....................#
............##


You could see a steam dragon (asleep).

Vanquished Creatures
  A wraith (D:5)
  A wyvern (D:5)
  An ice beast (D:7)
  A black bear (D:5)
  An ogre (D:7)
  3 phantoms
  A kobold brigand (D:6)
  A scorpion (D:5)
  A howler monkey (D:4)
  3 quasits (D:5)
  2 jellies (D:6)
  4 hounds
  3 orc priests
  A gnoll bouda (D:7)
  5 iguanas
  2 sleepcaps
  2 orc wizards
  Natasha (twice) (D:3)
  2 gnolls (D:7)
  3 adders
  4 shadow imps (D:5)
  5 white imps (D:5)
  3 ufetubi (D:5)
  A worm (D:5)
  3 dart slugs
  14 orcs
  5 ball pythons
  4 bats
  3 endoplasms
  4 giant cockroaches
  4 goblins
  10 hobgoblins
  5 jackals
  9 kobolds
  7 quokkas
  2 frilled lizards
  8 rats
131 creatures vanquished.

Vanquished Creatures (others)
  An orc priest (D:3)
  An adder (D:5)
2 creatures vanquished.

Grand Total: 133 creatures vanquished

Notes
Turn   | Place    | Note
-------+----------+-------------------------------------------
     0 | D:1      | cheesebisquit the Hill Orc Fighter began the quest for the
                  | Orb.
     0 | D:1      | Reached XP level 1. HP: 19/19 MP: 1/1
     1 | D:1      | Noticed an electric eel
   112 | D:1      | Reached skill level 3 in Axes
   143 | D:1      | Reached XP level 2. HP: 25/27 MP: 2/2
   590 | D:1      | Reached XP level 3. HP: 32/33 MP: 3/3
   825 | D:2      | Reached skill level 4 in Axes
   825 | D:2      | Reached XP level 4. HP: 27/40 MP: 4/4
  1127 | D:2      | Found a faded altar of an unknown god.
  1499 | D:3      | Became a worshipper of Beogh the Brigand
  2025 | D:3      | Reached XP level 5. HP: 42/47 MP: 5/5
  2080 | D:3      | Noticed Natasha
  2085 | D:3      | Killed Natasha
  2086 | D:3      | Reached skill level 5 in Axes
  2164 | D:3      | Noticed Natasha
  2167 | D:3      | Killed Natasha
  2486 | D:4      | Reached XP level 6. HP: 53/53 MP: 6/6
  2514 | D:4      | Found a runed translucent door.
  2515 | D:4      | Noticed Crazy Yiuf
  2574 | D:4      | Reached * piety under Beogh
  2596 | D:4      | Found Ujux's Antique Weapon Emporium.
  2597 | D:4      | Found Secits's Book Emporium.
  2598 | D:4      | Found Realucu's General Store.
  2873 | D:5      | Entered Level 5 of the Dungeon
  2891 | D:5      | Reached skill level 5 in Fighting
  2895 | D:5      | Reached skill level 6 in Axes
  3110 | D:5      | Found a staircase to the Ecumenical Temple.
  3136 | D:5      | Reached XP level 7. HP: 46/61 MP: 7/7
  3203 | Temple   | Entered the Ecumenical Temple
  3606 | D:5      | Reached skill level 5 in Armour
  3735 | D:5      | Reached skill level 7 in Axes
  3735 | D:5      | Reached skill level 5 in Shields
  3801 | D:5      | Found a large runed translucent door.
  3801 | D:5      | Found a large runed translucent door.
  3885 | D:5      | Noticed a wyvern
  3892 | D:5      | HP: 3/61 [wyvern (3)]
  3898 | D:5      | Killed a wyvern
  4079 | D:5      | Found a large runed translucent door.
  4079 | D:5      | Found a large runed translucent door.
  4099 | D:5      | Reached XP level 8. HP: 66/70 MP: 8/8
  4245 | D:5      | Reached ** piety under Beogh
  4246 | D:5      | Reached skill level 8 in Axes
  4340 | D:5      | Noticed a wraith
  4346 | D:5      | Killed a wraith
  4418 | D:5      | Identified the +1 hand axe "Vetruqy" {freeze, SInv}
  4567 | D:6      | Found Zahoedd's Armour Boutique.
  4592 | D:6      | Found a glowing silver altar of Zin.
  4634 | D:6      | Reached skill level 9 in Axes
  4635 | D:6      | Bought a +0 pair of boots for 54 gold pieces
  4640 | D:6      | Bought the +0 pair of gloves of Indomitability {rF+} for
                  | 222 gold pieces
  4795 | D:6      | Found a shadowy altar of Dithmenos.
  4838 | D:6      | Found a runed translucent door.
  4838 | D:6      | Noticed booth's ghost (novice DrEE)
  5199 | D:6      | Identified the +0 scale mail "Zetoton" {rF+ rN+ Str+2
                  | Int+4}
  5427 | D:7      | Reached XP level 9. HP: 64/78 MP: 9/9
  5650 | D:7      | Gained mutation: You are partially covered in iridescent
                  | scales. (AC +2) [potion of mutation]
  5650 | D:7      | Gained mutation: You have a pair of small antennae on your
                  | head. [potion of mutation]
  5651 | D:7      | Lost mutation: You are partially covered in iridescent
                  | scales. (AC +2) [potion of mutation]
  5651 | D:7      | Lost mutation: You have a pair of small antennae on your
                  | head. [potion of mutation]
  5651 | D:7      | Gained mutation: Your spells are a little harder to cast,
                  | but a little more powerful. [potion of mutation]
  5651 | D:7      | Gained mutation: You are agile. (Dex +4, Str/Int -1)
                  | [potion of mutation]
  5653 | D:7      | HP: 2/79 [poisoned by a gnoll]
  5656 | D:7      | Succumbed to a gnoll's poison

Illustrated notes

Levels and vault maps discovered:
D:1:      arrival_aquarium_a, layout_basic
D:2:      layout_loops_ring, shapermc_ecumenical_altar_mp_highgroup
D:3:      layout_basic, uniq_natasha
D:4:      layout_rooms, nicolae_shop_distant_corner_stores, interstate_on_off,
          hangedman_decor_points, uniq_crazy_yiuf_cottage
D:5:      layout_rooms, minmay_temple_entry_stoned_glass, serial_demonic,
          serial_demonic_d, serial_demonic_e, serial_demonic_e,
          serial_demonic_d, serial_demonic_c, serial_demonic_f,
          minmay_hollow_rounded_squares
D:6:      layout_basic, mainiacjoe_overflow_cross_hatched,
          mainiacjoe_overflow_alcove_1, serial_shops, shop,
          hellmonk_ghost_happy_afterlife, minmay_misc_feat_doors
D:7:      layout_rooms, enter_bailey_3, kennysheep_generic_room_12
Temple:   mainiacjoe_temple_cubbyholes

Skill      XL: |  1  2  3  4  5  6  7  8  9 |
---------------+----------------------------+-----
Axes           | 3 4 5 6 7 9 |  9.9
Fighting       | 4 5 6 7 |  7.1
Armour         | 4 5 6 |  6.5
Shields        | 4 5 6 |  6.4

Action                     |  1- 3 |  4- 6 |  7- 9 || total
---------------------------+-------+-------+-------++-------
  Melee: War axe           |    75 |   175 |   216 ||   466
  Throw: Dart              |       |       |    25 ||    25
 Invoke: Convert to Beogh  |       |     1 |       ||     1
  Evoke: Wand              |       |       |     1 ||     1
    Use: Potion            |       |       |    13 ||    13
         Scroll            |       |       |    14 ||    14
 Armour: Scale mail        |    35 |   117 |   141 ||   293
  Dodge: Dodged            |    32 |   116 |   108 ||   256
  Block: Buckler           |    11 |    47 |    66 ||   124
